 Dungeon Crawl Stone Soup version 0.27-a0-1193-g8631133539 (webtiles) character file.

Game seed: 7191794321429612666

787 bande the Covered (level 7, -4/44 HPs)
             Began as a Gargoyle Fighter on May 27, 2021.
             Was an Initiate of Okawaru.
             Killed from afar by a steam dragon (11 damage)
             ... with a ball of steam
             ... on level 6 of the Dungeon.
             The game lasted 00:10:42 (6151 turns).

bande the Covered (Gargoyle Fighter)                Turns: 6151, Time: 00:10:44

Health: -4/44      AC: 15    Str: 23    XL:     7   Next: 87%
Magic:  0/11       EV:  6    Int:  8    God:    Okawaru [......]
Gold:   196        SH: 10    Dex: 10    Spells: 12/12 levels left

rFire    . . .     SeeInvis .   a - +0 war axe
rCold    + . .     Faith    .   c - +0 kite shield
rNeg     + . .     Spirit   +   h - +0 chain mail
rPois    ∞         Reflect  .   i - +0 helmet
rElec    +         Harm     .   (no cloak)
rCorr    .         Rampage  .   (no gloves)
Will     .....                  (no boots)
Stlth    ..........             e - amulet of guardian spirit
HPRegen  0.14/turn              (no ring)
MPRegen  0.12/turn              (no ring)

@: no status effects
A: sickness immunity, AC +4, negative energy resistance 1, electricity
resistance, torment resistance 1, petrification resistance, cold resistance 1,
strong 1
a: Renounce Religion


You were on level 6 of the Dungeon.
You worshipped Okawaru.
Okawaru was noncommittal.
You visited 1 branch of the dungeon, and saw 6 of its levels.

You collected 196 gold pieces.

Inventory:

Hand Weapons
 a - a +0 war axe (weapon)
 b - a +0 flail
 d - a +0 war axe
 p - a +0 vorpal mace
Armour
 c - a +0 kite shield (worn)
 h - a +0 chain mail (worn)
 i - a +0 helmet (worn)
Jewellery
 e - an amulet of guardian spirit (around neck)
 g - a ring of fire
 l - an amulet of magic regeneration
Wands
 o - a wand of iceblast (10)
Scrolls
 f - 2 scrolls of teleportation
 j - 2 scrolls of fear
 m - a scroll of identify
Potions
 k - a potion of might
 n - a potion of invisibility


   Skills:
 + Level 4.4 Fighting
 + Level 4.7 Axes
 + Level 5.3 Armour
 + Level 0.9 Dodging
 + Level 4.9 Shields
 * Level 3.0 Spellcasting


You had 12 spell levels left.
You didn't know any spells.
Your spell library contained the following spells:

 Spells                   Type           Power      Damage    Failure   Level
 Animate Skeleton         Necr           2%         N/A       100%        1
 Apportation              Tloc           2%         N/A       100%        1
 Beastly Appendage        Tmut           2%         N/A       100%        1
 Corona                   Hex            1%         N/A       100%        1
 Magic Dart               Conj           4%         1d3       100%        1
 Summon Small Mammal      Summ           4%         N/A       100%        1
 Blink                    Tloc           N/A        N/A       100%        2
 Call Imp                 Summ           1%         N/A       100%        2
 Searing Ray              Conj           2%         3d3       100%        2
 Slow                     Hex            1%         N/A       100%        2
 Wereblood                Tmut           1%         N/A       100%        2
 Conjure Flame            Conj/Fire      1%         6-21      100%        3
 Dazzling Flash           Conj/Hex       2%         N/A       100%        3
 Mephitic Cloud           Conj/Pois/Air  1%         N/A       100%        3
 Spider Form              Tmut/Pois      0%         N/A       100%        3
 Fulminant Prism          Conj/Hex       0%         3d6       100%        4
 Ice Form                 Ice/Tmut       1%         N/A       100%        4
 Iskenderun's Mystic Bla  Conj/Tloc      1%         2d3       100%        4
 Hydra Form               Tmut           0%         N/A       100%        5


Dungeon Overview and Level Annotations

Branches:
Dungeon (6/15)
 Temple: D:4-7

Altars:
Okawaru
Ru

Shops:
D:6 *


Innate Abilities, Weirdness & Mutations

You are immune to sickness and miasma.
Your stone body is resilient. (AC +4)
You are immune to poison.
You resist negative energy. (rN+)
You are resistant to electric shocks. (rElec)
You are resistant to unholy torment.
You are immune to petrification.
Your flesh is cold resistant. (rC+)
Your muscles are strong. (Str +2)


Message History

You kneel at the altar of Okawaru.
Okawaru welcomes you!
r - a green potion
There is an entrance to Soyn's Lightly-Used Armoury here.
Okay, then.
As you read the scroll labelled RIJ VAETIEXOD, it crumbles to dust.
You feel aware of your surroundings.
You sensed 3 altars.
It was a scroll of magic mapping.
As you read the scroll of identify, it crumbles to dust.
r - a potion of mutation Really quaff the potion of mutation?
You feel extremely strange.
You feel robust.
You feel frail.
You feel resistant to cold.
You feel stronger.
A steam dragon comes into view.
The steam dragon hisses angrily.
The steam dragon breathes steam at you. The ball of steam hits you!
Found an escape hatch in the ceiling.
No target in view!
No target in view!
No target in view!
No target in view!
No target in view!
No target in view!
No target in view!
You are engulfed in a cloud of scalding steam.
The steam dragon bites you. You block the steam dragon's attack.
Found a metal-bound book.
You slash the steam dragon!
The steam dragon is moderately wounded.
You are engulfed in a cloud of scalding steam.
The steam dragon bites you!
The steam dragon claws you but does no damage.
You slash the steam dragon!
The steam dragon is heavily wounded.
You are engulfed in a cloud of scalding steam.
* * * LOW HITPOINT WARNING * * *
The steam dragon breathes steam at you. The ball of steam hits you!
You die...

........#*#..#......,,,,,,**,**,*
........###.###.........,,,,,,,,,
...#....##..............,,,,,,,,,
#.#_#...##..###.........,,**,,,,,
#..#......∩..#.....<....,>**,,,,,
#............#.#........,,**,,,,,
#####.#......#.#........,,,,,,,,*
*......................,,,,,,,,*
#.............§@D......,,,,*,*,*
#...........##........:,,,,,,,,*
#...........########.##,,,,*,,,*
#....#......# *,**,,,,,,,,,
#....#......# *,,,,,*****,,
*#..........# *,,,,,,,*,,,,
*,*######### *,,,*,,,,,,,, *,*
*,,,*,,,*,,,, *,* *,,,**,*,,,,,


You could see a steam dragon (catching breath).

Vanquished Creatures
  Menkaure (D:3)
  An ice beast (D:3)
  A necrophage (D:4)
  A scorpion (D:4)
  A jelly (D:4)
  An orc priest (D:2)
  2 hounds
  A centaur skeleton (D:5)
  4 iguanas
  An orc wizard (D:2)
  Robin (D:2)
  4 adders
  3 worms
  2 dart slugs (D:2)
  19 orcs
  5 endoplasms
  2 giant cockroaches (D:4)
  16 goblins
  6 hobgoblins
  5 jackals
  3 quokkas
  5 ball pythons
  A bat (D:1)
  A frilled lizard (D:3)
  3 kobolds
  6 rats
96 creatures vanquished.

Vanquished Creatures (others)
  2 plants (D:4)
2 creatures vanquished.

Grand Total: 98 creatures vanquished

Notes
Turn   | Place    | Note
-------+----------+-------------------------------------------
     0 | D:1      | bande the Gargoyle Fighter began the quest for the Orb.
     0 | D:1      | Reached XP level 1. HP: 14/14 MP: 1/1
     6 | D:1      | Noticed a komodo dragon
     6 | D:1      | Noticed a hog
     7 | D:1      | Noticed a wyvern
     7 | D:1      | Noticed a black mamba
   466 | D:1      | Reached XP level 2. HP: 19/19 MP: 2/2
   929 | D:2      | Found a faded altar of an unknown god.
  1019 | D:2      | Noticed Robin
  1429 | D:2      | Reached XP level 3. HP: 23/23 MP: 3/3
  1450 | D:2      | Killed Robin
  1692 | D:2      | Reached XP level 4. HP: 24/29 MP: 2/4
  1854 | D:2      | Reached XP level 5. HP: 8/33 MP: 2/6
  2575 | D:3      | Reached skill level 1 in Spellcasting
  2763 | D:3      | Reached skill level 4 in Armour
  3572 | D:3      | Noticed an ice beast
  3577 | D:3      | Killed an ice beast
  3578 | D:3      | Reached XP level 6. HP: 23/38 MP: 4/8
  3815 | D:4      | Noticed Menkaure
  3937 | D:3      | Killed Menkaure
  4274 | D:4      | Reached XP level 7. HP: 43/43 MP: 10/10
  4558 | D:4      | Found a sacrificial altar of Ru.
  4991 | D:5      | Entered Level 5 of the Dungeon
  5061 | D:5      | Reached skill level 5 in Armour
  5816 | D:6      | Found Soyn's Lightly-Used Armoury.
  6113 | D:6      | Found an iron altar of Okawaru.
  6124 | D:6      | Became a worshipper of Warmaster Okawaru
  6141 | D:6      | Gained mutation: You are robust. (+10% HP) [potion of
                  | mutation]
  6141 | D:6      | Lost mutation: You are robust. (+10% HP) [potion of
                  | mutation]
  6141 | D:6      | Gained mutation: Your flesh is cold resistant. (rC+)
                  | [potion of mutation]
  6141 | D:6      | Gained mutation: Your muscles are strong. (Str +2) [potion
                  | of mutation]
  6145 | D:6      | Noticed a steam dragon
  6151 | D:6      | Killed from afar by a steam dragon

Illustrated notes

Levels and vault maps discovered:
D:1:      onia_arrival_zoo_common, layout_loops_ring
D:2:      cheibrodos_pilgrimage, layout_loops_ring,
          hellmonk_ecumenical_altar_zigzags, minivault_23, minmay_bisected,
          uniq_robin
D:3:      layout_loops_ring, kennysheep_pointless_box
D:4:      layout_loops_ring, nicolae_ru_sacrificial_ziggurat,
          ebering_dispersal_statue_hall, grunt_ministairs_8,
          serial_bayou_ford_a, hangedman_decor_opposing,
          minmay_misc_feat_enclosed, uniq_menkaure
D:5:      layout_loops_ring
D:6:      layout_rooms, gammafunk_temple_overflow_claw,
          okawaru_metal_pillars_1_2, serial_bayou, serial_bayou_pond_b,
          serial_bayou_shore_b, serial_bayou_pond_d, serial_bayou_pond_e,
          minmay_shop_damaged, hangedman_decor_lopped, uniq_blork_the_orc

Skill      XL: |  1  2  3  4  5  6  7 |
---------------+----------------------+-----
Axes           | 2 3 4 |  4.7
Shields        | 4 |  4.9
Spellcasting   | 1 2 3 |  3.0
Armour         | 4 5 |  5.3
Fighting       | 4 |  4.4
Dodging        | |  0.9

Action                   |  1- 3 |  4- 6 |  7- 9 || total
-------------------------+-------+-------+-------++-------
Melee: War axe           |    72 |   148 |   100 ||   320
  Use: Potion            |     1 |     2 |     2 ||     5
       Scroll            |       |     3 |     3 ||     6
Armor: Scale mail        |    49 |       |       ||    49
       Chain mail        |     2 |   102 |    64 ||   168
Dodge: Dodged            |    29 |    35 |    26 ||    90
Block: Kite shield       |    58 |    91 |    47 ||   196

Table legend: (Time is in decaauts)
 A = Elapsed time spent in this place.
 B = Non-inter-level travel time spent in this place.
 C = Inter-level travel time spent in this place.
 D = Time resting spent in this place.
 E = Time spent auto-exploring this place.
 F = Levels seen in this place.
 G = Mean time per level.
                   A        B        C        D        E       F      G
               +--------+--------+--------+--------+--------+-----+--------+
         Total |   6345 |   6345 |      0 |   1494 |   3714 |   6 | 1057.5 |
       Dungeon |   6345 |   6345 |      0 |   1494 |   3714 |   6 | 1057.5 |
               +--------+--------+--------+--------+--------+-----+--------+

Top non-repeatable levels by time:
     D:3: 1652 daAuts
     D:2: 1610 daAuts
     D:5: 1085 daAuts
     D:1: 947 daAuts
     D:4: 939 daAuts
     D:6: 110 daAuts
